 Dungeon Crawl Stone Soup version 0.25.0-9-g26727b657a (webtiles) character file.

Game seed: 14580633953011488645

2610 MajorAdolf the Fighter (level 9, 0/97 HPs)
             Began as a Naga Wanderer on June 20, 2020.
             Was an Initiate of Gozag.
             Slain by a gnoll sergeant
             ... wielding a +0 spear
              (7 damage)
             ... on level 7 of the Dungeon.
             The game lasted 00:09:44 (8692 turns).

MajorAdolf the Fighter (Naga Wanderer)              Turns: 8692, Time: 00:09:45

Health: 0/97       AC:  7    Str: 21    XL:     9   Next: 59%
Magic:  12/12      EV: 11    Int: 15    God:    Gozag
Gold:   803        SH:  0    Dex:  8    Spells: 11/12 levels left

rFire    + + .     SeeInvis +   t - +6 short sword "Natyorr" {elec, rF+ Str+3}
rCold    . . .     Gourm    .   (no shield)
rNeg     . . .     Faith    .   B - +2 robe {rF+}
rPois    +         Spirit   .   w - +0 helmet
rElec    .         Reflect  .   (no cloak)
rCorr    .         Harm     .   (no gloves)
MR       +....     Clarity  +   (no barding)
Stlth    +.........             (no amulet)
HPRegen  0.26/turn              (no ring)
MPRegen  0.13/turn              (no ring)

@: gold aura, very slow
A: large, repulsion field 1, see invisible, clarity, deformed body, poison
resistance, slowness 2, slow metabolism 1, spit poison 1, MP-powered wands, AC
+3
a: Spit Poison, Potion Petition, Call Merchant, Bribe Branch, Renounce Religion


You were on level 7 of the Dungeon.
You worshipped Gozag.
Gozag was pleased with you.
You were not hungry.

You visited 1 branch of the dungeon, and saw 7 of its levels.

You collected 952 gold pieces.
You spent 91 gold pieces at shops.
You paid 58 gold pieces to Gozag.

Inventory:

Hand Weapons
 b - a +0 battleaxe
 h - a +0 hand axe
 t - the +6 short sword "Natyorr" (weapon) {elec, rF+ Str+3}
   (You found it on level 4 of the Dungeon)

   Occasionally, upon striking a foe, it will discharge some electrical energy
   and cause terrible harm.
   It affects your strength (+3).
   It protects you from fire.
 E - a +1 dagger of venom
Missiles
 c - 38 bolts
 m - 130 arrows
 p - 27 poisoned darts (quivered)
Armour
 e - a +0 plate armour
 w - a +0 helmet (worn)
 B - a +2 robe of fire resistance (worn)
Jewellery
 x - an uncursed amulet of regeneration
Wands
 s - a wand of enslavement (16)
 F - a wand of iceblast (8)
 G - a wand of disintegration (17)
Scrolls
 a - a scroll of enchant weapon {unknown}
 g - 4 scrolls of remove curse
 j - 2 scrolls of immolation {unknown}
 k - a scroll of fog {unknown}
 l - 3 scrolls of identify
 o - 2 scrolls of teleportation
 q - a scroll of fear {unknown}
 y - a scroll of noise {unknown}
 C - 2 scrolls of blinking {unknown}
 H - a scroll of random uselessness {unknown}
 I - a scroll of magic mapping
Potions
 i - a potion of cancellation
 n - a potion of resistance {unknown}
 r - a potion of heal wounds {unknown}
 u - a potion of haste {unknown}
 v - 2 potions of curing
 z - a potion of mutation
 A - 2 potions of brilliance {unknown}
 D - a potion of experience {unknown}
Comestibles
 f - 6 rations


   Skills:
 + Level 11.0 Fighting
 - Level 6.1 Axes
   Level 1.7 Crossbows
 - Level 1.0 Throwing
 - Level 1.5 Armour
 - Level 1.5 Stealth
 - Level 2.0 Spellcasting
 - Level 1.0 Transmutations


You had 11 spell levels left.
You knew the following spells:

 Your Spells              Type           Power        Failure   Level  Hunger
a - Beastly Appendage     Tmut           #.....       14%         1    #......

Your spell library contained the following spells:

 Spells                   Type           Power        Failure   Level  Hunger
 Sticks to Snakes         Tmut           #.......     22%         2    ###....
 Spider Form              Tmut/Pois      #.........   47%         3    ###....
 Ice Form                 Ice/Tmut       #.......     87%         4    #####..
 Blade Hands              Tmut           #.........   99%         5    ######.


Dungeon Overview and Level Annotations

Branches:
Dungeon (7/15)             Temple (0/1) D:4

Altars:
Dithmenos
Elyvilon
Gozag
Hepliaklqana
Uskayaw
Yredelemnul
Zin

Shops:
D:7 ?

Annotations:
D:6 2 runed translucent doors, Sedillia's ghost, novice DDFi


Innate Abilities, Weirdness & Mutations

You cannot wear boots.
Your serpentine skin is tough. (AC +3)
You have supernaturally acute eyesight. (SInv)
Armour fits poorly on your strangely shaped body.
Your system is resistant to poisons. (rPois)
You cover ground very slowly.
You have a slow metabolism.
You can spit poison.
You are surrounded by a mild repulsion field. (EV +2)
You possess an exceptional clarity of mind.
You expend magic power (3 MP) to strengthen your wands.


Message History

The gnoll sergeant hits you but does no damage.
The shadow imp closely misses you.
The orc wizard hits you but does no damage.
It was a potion of curing.
You feel better.
The gnoll sergeant hits you from afar with a +0 spear.
* * * LOW HITPOINT WARNING * * *
The shadow imp hits you but does no damage.
The orc wizard hits you but does no damage.
Unknown command.
Okay, then.
It was a potion of mutation.
You feel extremely strange.
You begin to radiate repulsive energy.
You feel your magical essence link to the dungeon's wands.
Your thoughts seem clearer.
The orc wizard points at you and mumbles some strange words.
The magic dart hits you.
* * * LOW HITPOINT WARNING * * *
The gnoll sergeant hits you from afar with a +0 spear!
You die...
Your body crumbles into a pile of gold.

#. #. $ #. .# ##
# ### .## #.#g.
... #.#g####.###
#.$.$$5....# ..
###.$@o..#.# #.
# #........#.#
#.
#.#........#.#
#.
#......#####.###
#.
#..............#
#.
######.#####.#.#
#.####. #.#
#.#.# #.....(
#.# #.#.#
######. #..
..#.# ##


You could see a gnoll sergeant, an orc wizard (fast), a gnoll and a shadow imp.

Vanquished Creatures
  Pikel (D:5)
  A hungry ghost (D:6)
  A slave (D:5)
  An orc warrior (D:6)
  A necrophage (D:5)
  A phantom (D:6)
  A sky beast (D:5)
  4 ogres
  A centaur (D:6)
  3 bullfrogs
  Blork the orc (D:5)
  A wyvern zombie (D:6)
  A scorpion (D:5)
  6 howler monkeys
  3 hounds
  2 gnoll shamans
  2 orc priests
  2 bullfrog skeletons
  A worker ant (D:4)
  4 orc wizards
  A worker ant zombie (D:4)
  6 adders
  12 gnolls
  An ooze (D:4)
  An adder zombie (D:7)
  3 worms
  4 dart slugs
  4 leopard geckos
  10 orcs
  2 ball pythons
  4 giant cockroaches
  11 goblins
  7 hobgoblins
  4 jackals
  4 quokkas
  8 bats
  A jackal zombie (D:7)
  10 kobolds
  A leopard gecko skeleton (D:4)
  13 rats
145 creatures vanquished.

Vanquished Creatures (others)
  A quokka (D:5)
1 creature vanquished.

Grand Total: 146 creatures vanquished

Notes
Turn   | Place    | Note
-------+----------+-------------------------------------------
     0 | D:1      | MajorAdolf the Naga Wanderer began the quest for the Orb.
     0 | D:1      | MajorAdolf set off with the following items: a +0 hand
                  | crossbow, 27 bolts, a potion of lignification, a +0 robe, a
                  | ration; and the following spell memorised: Beastly
                  | Appendage; and the following spells available to memorise:
                  | Sticks to Snakes, Spider Form, Ice Form, Blade Hands
     0 | D:1      | Reached XP level 1. HP: 18/18 MP: 3/3
    59 | D:1      | Reached skill level 2 in Fighting
    59 | D:1      | Reached XP level 2. HP: 24/26 MP: 5/5
   534 | D:1      | Reached XP level 3. HP: 24/33 MP: 6/6
   764 | D:1      | Reached skill level 3 in Fighting
   852 | D:1      | You fall into a shaft and drop 1 floor!
  1275 | D:2      | Reached skill level 1 in Axes
  1841 | D:2      | Reached XP level 4. HP: 26/42 MP: 7/7
  2785 | D:3      | Reached XP level 5. HP: 29/49 MP: 8/8
  2996 | D:3      | Reached XP level 6. HP: 20/56 MP: 9/9
  3026 | D:3      | HP: 2/56 [poisoned by an adder]
  3860 | D:3      | Found a basalt altar of Yredelemnul.
  3895 | D:3      | Reached skill level 5 in Axes
  3999 | D:3      | Found a white marble altar of Elyvilon.
  4087 | D:3      | Found an opulent altar of Gozag.
  4087 | D:3      | Found a glowing silver altar of Zin.
  4137 | D:3      | Became a worshipper of Gozag Ym Sagoz the Greedy
  4442 | D:4      | Found a staircase to the Ecumenical Temple.
  4528 | D:4      | Found a hide-covered altar of Uskayaw.
  4535 | D:4      | Got a brightly glowing short sword
  4544 | D:4      | Identified the +6 short sword "Natyorr" {elec, rF+ Str+3}
                  | (You found it on level 4 of the Dungeon)
  4548 | D:4      | Found an opulent altar of Gozag.
  4679 | D:4      | Reached XP level 7. HP: 62/62 MP: 10/10
  5305 | D:4      | Noticed a shadow
  5306 | D:4      | Found a shadowy altar of Dithmenos.
  5307 | D:4      | Found a hazy altar of Hepliaklqana.
  5360 | D:5      | Entered Level 5 of the Dungeon
  5366 | D:5      | Noticed Blork the orc
  5381 | D:5      | Killed Blork the orc
  5381 | D:5      | Reached skill level 4 in Fighting
  5721 | D:5      | Reached skill level 5 in Fighting
  5861 | D:5      | Noticed Pikel
  5876 | D:5      | Reached skill level 6 in Fighting
  5876 | D:5      | Reached XP level 8. HP: 68/76 MP: 11/11
  5890 | D:5      | Killed Pikel
  5890 | D:5      | Reached skill level 8 in Fighting
  6824 | D:6      | Found a runed translucent door.
  6824 | D:6      | Noticed Sedillia's ghost (novice DDFi)
  6858 | D:6      | Reached skill level 9 in Fighting
  7042 | D:6      | Found a runed translucent door.
  7107 | D:6      | Reached XP level 9. HP: 90/91 MP: 12/12
  7502 | D:6      | Reached skill level 10 in Fighting
  8245 | D:7      | Found Heunwieh's Magic Scroll Shoppe.
  8394 | D:7      | Bought a scroll of magic mapping for 49 gold pieces
  8394 | D:7      | Bought a scroll of teleportation for 42 gold pieces
  8683 | D:7      | Reached skill level 11 in Fighting
  8692 | D:7      | Gained mutation: You are surrounded by a mild repulsion
                  | field. (EV +2) [potion of mutation]
  8692 | D:7      | Gained mutation: You expend magic power (3 MP) to
                  | strengthen your wands. [potion of mutation]
  8692 | D:7      | Gained mutation: You possess an exceptional clarity of
                  | mind. [potion of mutation]
  8692 | D:7      | Slain by a gnoll sergeant

Illustrated notes

Levels and vault maps discovered:
D:1:      lightli_arrival_windingriver, layout_rooms
D:2:      layout_rooms, minivault_27
D:3:      layout_basic, grunt_temple_overflow_gold_and_silver,
          kennysheep_ying_yang, first_ration
D:4:      layout_loops_cross, riverfiend_overflow_shadow_ancestor,
          eat_drink_and_be_merry_uskayaw, temple_green,
          nicolae_gozag_seed_capital
D:5:      layout_basic, uniq_pikel, uniq_blork_the_orc
D:6:      layout_basic, ebering_ghost_sewer_f, grunt_decor_clamped
D:7:      layout_basic, serial_shops, shop_scrolls

Skill      XL: |  1  2  3  4  5  6  7  8  9 |
---------------+----------------------------+-----
Fighting       | 2 3 6 9 11 | 11.0
Axes           | 1 3 4 6 |  6.1
Crossbows      | |  1.7
Throwing       | |  1.0
Armour         | |  1.5
Stealth        | |  1.5
Spellcasting   | |  2.0
Transmutations | |  1.0

Action                   |  1- 3 |  4- 6 |  7- 9 || total
-------------------------+-------+-------+-------++-------
Melee: Hand axe          |    51 |   202 |       ||   253
       Short sword       |    23 |     9 |   228 ||   260
 Fire: Hand crossbow     |    48 |       |       ||    48
 Abil: Spit Poison       |     5 |    10 |     2 ||    17
  Use: Scroll            |       |     2 |     3 ||     5
       Potion            |       |       |     4 ||     4
 Stab: Sleeping          |     1 |       |     2 ||     3
  Eat: Chunk             |     2 |     7 |       ||     9
       Ration            |       |       |     5 ||     5
Armor: Robe              |    10 |       |    54 ||    64
       Scale mail        |    22 |    97 |    29 ||   148
       Skin              |       |       |    27 ||    27
Dodge: Dodged            |    70 |    87 |    91 ||   248
